 Dungeon Crawl Stone Soup version 0.20.1-1-g8b1a95d (webtiles) character file.

39116 homeworkjunkie the Severer (level 14, 0/127 HPs)
             Began as a Hill Orc Fighter on Dec 13, 2017.
             Was the Champion of Okawaru.
             Slain by a two-headed ogre
             ... wielding a +0 giant club
              (16 damage)
             ... on level 1 of the Orcish Mines.
             The game lasted 00:35:04 (14817 turns).

homeworkjunkie the Severer (Hill Orc Fighter)      Turns: 14817, Time: 00:35:04

Health: 0/127      AC: 16    Str: 27    XL:     14   Next: 5%
Magic:  28/28      EV:  8    Int: 17    God:    Okawaru [******]
Gold:   867        SH: 13    Dex: 18    Spells: 13/13 levels left

rFire    + + .     SeeInvis +   K - +3 broad axe (chop)
rCold    x . .     Gourm    .   c - +0 shield
rNeg     + . .     Faith    .   D - +4 chain mail of Kaer {rElec MR- Int+9 SInv}
rPois    .         Spirit   .   t - +1 helmet
rElec    +         Reflect  .   v - +2 cloak
rCorr    .         Harm     .   (no gloves)
MR       .....     NoTele   +   e - +2 pair of boots {run}
Stlth    ..........             F - amulet "Nafrovez" {RegenMP -Tele Dex+4 Slay+2}
Regen    0.4/turn               H - ring of Tyfos {Fire rN+ MP+9 Str+2 Dex+3}
MPRegen  0.4/turn               q - ring of protection from fire

@: corroded, heavily drained, quick
A: mutation resistance 1, strong 1
a: Heroism, Finesse, Renounce Religion


You were on level 1 of the Orcish Mines.
You worshipped Okawaru.
Okawaru was exalted by your worship.
You were full.

You visited 4 branches of the dungeon, and saw 19 of its levels.
You also visited: Labyrinth.

You collected 867 gold pieces.

Inventory:

Hand Weapons
 i - a +3 war axe of electrocution
 B - a +2 scimitar of flaming
 K - a +3 broad axe of chopping (weapon)
Armour
 c - a +0 shield (worn)
 e - a +2 pair of boots of running (worn)
 t - a +1 helmet (worn)
 v - a +2 cloak (worn)
 D - the +4 chain mail of Kaer (worn) {rElec MR- Int+9 SInv}
   (You found it in a labyrinth)

   It affects your intelligence (+9).
   It insulates you from electricity.
   It affects your resistance to hostile enchantments.
   It lets you see invisible.
 E - a +1 plate armour of poison resistance
 L - the +0 plate armour "Tear" {Str+4}
   (Okawaru gifted it to you on level 13 of the Dungeon)

   It affects your strength (+4).
Jewellery
 a - a cursed -3 ring of intelligence {unknown}
 p - an uncursed amulet of guardian spirit
 q - a ring of protection from fire (right hand)
 F - the amulet "Nafrovez" (around neck) {RegenMP -Tele Dex+4 Slay+2}
   (You found it in a labyrinth)

   [amulet of magic regeneration]

   It increases your magic regeneration.
   It affects your dexterity (+4).
   It affects your accuracy and damage with ranged weapons and melee attacks
   (+2).
   It prevents most forms of teleportation.
 G - an uncursed ring of resist corrosion
 H - the ring of Tyfos (left hand) {Fire rN+ MP+9 Str+2 Dex+3}
   (You found it in a labyrinth)

   [ring of fire]

   It enhances your fire magic.
   It affects your strength (+2).
   It affects your dexterity (+3).
   It protects you from fire.
   It makes you vulnerable to cold.
   It protects you from negative energy.
   It affects your magic capacity (+9).
Wands
 b - a wand of lightning (0/15)
 r - a wand of flame (12/48)
 x - a wand of iceblast (0/15)
 y - a wand of confusion (32/48)
 I - a wand of paralysis (16/24)
 N - a wand of iceblast (3/15)
Scrolls
 g - 8 scrolls of identify
 h - 4 scrolls of immolation
 l - 2 scrolls of fog
 s - 7 scrolls of remove curse
 u - 11 scrolls of teleportation
 C - 4 scrolls of blinking
 J - a scroll of magic mapping
Potions
 j - 2 potions of berserk rage
 k - a potion of haste
 n - 3 potions of brilliance
 w - 3 potions of curing
 z - 2 potions of lignification
 A - 2 potions of flight
Comestibles
 f - 13 bread rations
 m - 3 meat rations


   Skills:
 * Level 12.5(10.8) Fighting
 * Level 18.3(16.4) Axes
 * Level 10.4(8.8) Armour
 + Level 1.8(0.5) Dodging
 + Level 1.7(0.5) Stealth
 * Level 11.6(9.9) Shields
 * Level 6.8(5.3) Evocations


You had 13 spell levels left.
You didn't know any spells.

Dungeon Overview and Level Annotations

Branches:
Dungeon (15/15)            Temple (1/1) D:7            Lair (1/6) D:10
    Orc (2/2) D:11         Vaults (0/5) D:14
    Elf: Orc:2       Depths: D:15

Altars:
Ashenzari
Cheibriados
Dithmenos
Elyvilon
Fedhas
Gozag
Hepliaklqana
Kikubaaqudgha
Nemelex Xobeh
Okawaru
Qazlal
Ru
Sif Muna
Trog
Uskayaw
Vehumet
Xom
Yredelemnul
Zin
The Shining One


Innate Abilities, Weirdness & Mutations

You are somewhat resistant to further mutation.
Your muscles are strong. (Str +2)


Message History

The two-headed ogre barely misses you. You block the two-headed ogre's attack.
You block the orc's attack.
The orc sorcerer gestures wildly while chanting.
The orc warrior shouts!
You block the orc sorcerer's attack. The orc hits you but does no damage.
The two-headed ogre hits you with a giant club!
* * * LOW HITPOINT WARNING * * *
The two-headed ogre hits you but does no damage.
You climb upwards.
There is a stone staircase leading down here.
You see here a +0 helmet of intelligence.
You feel better.
The orc sorcerer points at you and mumbles some strange words.
The bolt of negative energy hits you! You partially resist.
You feel drained.
* * * LOW HITPOINT WARNING * * *
The bolt of negative energy hits the orc.
The orc is drained!
The orc dies!
The two-headed ogre hits you with a giant club!
You die...

### #.##
####.####
##..#.##†##
##......O@.#
#........o####
###.....##.....#
#.......#.....##
#.....#####...#
###.<...#.....##
#.#........#.#
###........###
###......#


You could see a two-headed ogre and an orc sorcerer.

Vanquished Creatures
  The ghost of Lanoc the Transmogrifier, a journeyman DrTm of Jiyva (D:12)
  A minotaur (Lab)
  A vault guard (D:14)
  2 centaur warriors (D:14)
  A hydra (D:11)
  A catoblepas (D:13)
  The ghost of Anon1729 the Frost Mage, a journeyman BaIE of Cheibriados (D:12)
  5 two-headed ogres
  A tengu warrior (D:14)
  Urug (D:10)
  An unseen horror (D:13)
  A deep elf archer (D:14)
  A necromancer (D:14)
  A wizard (D:14)
  Pikel (D:4)
  2 deep elf magi
  4 ugly things
  6 cyclopes
  A manticore (D:15)
  An orc sorcerer (Orc:2)
  A redback zombie (D:14)
  3 gargoyles
  A freezing wraith (D:14)
  2 rime drakes (D:14)
  A komodo dragon (D:13)
  An efreet (D:13)
  A yaktaur (D:14)
  A tengu conjurer (D:9)
  4 trolls
  A hornet (D:14)
  2 slime creatures (D:12)
  6 hippogriffs
  A meliai zombie (D:13)
  A shadow (D:12)
  10 yaks
  A spriggan (D:9)
  19 humans (D:14)
  A basilisk (shapeshifter) (D:14)
  Eustachio (D:6)
  Menkaure (D:6)
  Edmund (D:5)
  8 vampire mosquitoes
  3 wargs (Orc:2)
  2 acid dragons
  A water moccasin (D:11)
  3 black bears
  4 porcupines (D:10)
  7 orc warriors
  4 ice beasts
  2 sky beasts (D:13)
  The ghost of Vodalian the Skirmisher, an amateur MiBe of Trog (D:3)
  3 eyes of draining
  6 ogres
  17 centaurs
  3 crocodiles
  7 bullfrogs
  A wyvern zombie (D:11)
  A wyvern skeleton (D:6)
  2 scorpions
  14 killer bees
  4 wights (D:10)
  6 howler monkeys
  6 crimson imps
  4 centaur zombies
  A lava snake (D:9)
  A quasit (D:9)
  A bullfrog zombie (D:9)
  2 jellies
  4 hounds
  21 orc wizards
  Crazy Yiuf (D:6)
  9 orc priests
  2 bullfrog skeletons (D:9)
  3 centaur skeletons
  2 iguanas
  8 worker ants
  A hound zombie (D:9)
  A worker ant zombie (D:11)
  10 adders
  6 gnolls
  2 shadow imps
  2 adder skeletons (D:5)
  An adder zombie (D:3)
  4 worms
  A dart slug (D:3)
  10 leopard geckos
  50 orcs
  6 giant cockroaches
  9 goblins
  7 hobgoblins
  8 jackals
  8 kobolds
  2 quokkas
  A ball python (D:8)
  9 bats
  8 frilled lizards
  A leopard gecko skeleton (D:5)
  A leopard gecko zombie (D:6)
  10 rats
  3 fungi (D:10)
  A plant (D:10)
420 creatures vanquished.

Vanquished Creatures (others)
  A human (D:5)
  An orc (Orc:1)
  3 jackals (D:4)
  3 fungi (D:10)
  2 plants (D:10)
10 creatures vanquished.

Grand Total: 430 creatures vanquished

Notes
Turn   | Place    | Note
-------+----------+-------------------------------------------
     0 | D:1      | homeworkjunkie the Hill Orc Fighter began the quest for the Orb.
     0 | D:1      | Reached XP level 1. HP: 19/19 MP: 1/1
    81 | D:2      | Reached skill level 3 in Axes
    81 | D:2      | Reached XP level 2. HP: 26/27 MP: 2/2
   250 | D:3      | Found a sacrificial altar of Ru.
   327 | D:2      | Reached XP level 3. HP: 26/33 MP: 3/3
  1120 | D:3      | Reached skill level 4 in Axes
  1120 | D:3      | Reached XP level 4. HP: 36/40 MP: 4/4
  1134 | D:3      | Found a white marble altar of Elyvilon.
  1317 | D:3      | Noticed Vodalian's ghost (amateur MiBe)
  1330 | D:3      | Killed Vodalian's ghost
  1330 | D:3      | Reached XP level 5. HP: 14/46 MP: 5/5
  1952 | D:2      | Found a shimmering altar of Xom.
  2029 | D:2      | Reached XP level 6. HP: 52/52 MP: 6/6
  2057 | D:2      | Found a snail-covered altar of Cheibriados.
  2276 | D:1      | Reached skill level 5 in Axes
  2662 | D:5      | Entered Level 5 of the Dungeon
  2665 | D:5      | Found an ancient bone altar of Kikubaaqudgha.
  2825 | D:4      | Noticed a slave
  2826 | D:4      | Noticed Pikel
  2826 | D:4      | Noticed a slave
  2826 | D:4      | Noticed a slave
  2827 | D:4      | Noticed a slave
  2906 | D:4      | Killed Pikel
  2906 | D:4      | Reached skill level 5 in Fighting
  2906 | D:4      | Reached skill level 6 in Axes
  2906 | D:4      | Reached skill level 5 in Armour
  2906 | D:4      | Reached skill level 5 in Shields
  2906 | D:4      | Reached XP level 7. HP: 57/61 MP: 7/7
  2946 | D:4      | Reached skill level 7 in Axes
  3223 | D:5      | Noticed a human
  3224 | D:5      | Killed a human
  3254 | D:5      | Noticed Edmund
  3296 | D:5      | Killed Edmund
  3345 | D:5      | Reached XP level 8. HP: 47/68 MP: 6/8
  3612 | D:5      | Reached skill level 8 in Axes
  3994 | D:5      | Identified a +2 pair of boots of running (You found it on level 5 of the Dungeon)
  4111 | D:6      | Found a hide-covered altar of Uskayaw.
  4121 | D:6      | Got a steaming tin amulet
  4183 | D:6      | Noticed Menkaure
  4196 | D:6      | Killed Menkaure
  4196 | D:6      | Reached skill level 1 in Dodging
  4208 | D:6      | Identified the amulet "Plog" {Inacc MR+ Stlth+} (You found it on level 6 of the Dungeon)
  4362 | D:7      | Noticed a hippogriff
  4373 | D:7      | Killed a hippogriff
  4373 | D:7      | Reached skill level 9 in Axes
  4431 | D:7      | Noticed a hippogriff
  4445 | D:7      | Killed a hippogriff
  4445 | D:7      | Reached XP level 9. HP: 50/75 MP: 6/9
  4734 | D:7      | Found a sparkling altar of Nemelex Xobeh.
  5027 | D:6      | Noticed Eustachio
  5032 | D:6      | Killed Eustachio
  5032 | D:6      | Reached skill level 10 in Axes
  5187 | D:6      | Found a runed door.
  5191 | D:6      | Noticed Crazy Yiuf
  5198 | D:6      | Killed Crazy Yiuf
  5484 | D:6      | Reached skill level 1 in Evocations
  5891 | D:7      | Found a staircase to the Ecumenical Temple.
  5901 | Temple   | Entered the Ecumenical Temple
  5933 | Temple   | Became a worshipper of Warmaster Okawaru
  6071 | D:8      | Reached skill level 11 in Axes
  6175 | D:8      | Found a shimmering altar of Xom.
  6410 | D:8      | Found an ancient bone altar of Kikubaaqudgha.
  6746 | D:8      | Found a glowing golden altar of the Shining One.
  6798 | D:9      | Noticed a tengu conjurer
  6810 | D:9      | Reached XP level 10. HP: 74/86 MP: 0/11
  6820 | D:9      | Reached * piety under Okawaru
  6834 | D:9      | Reached skill level 12 in Axes
  6934 | D:9      | Noticed a cyclops
  6948 | D:9      | Killed a cyclops
  7119 | D:9      | Reached ** piety under Okawaru
  7189 | D:10     | Entered Level 10 of the Dungeon
  7224 | D:9      | Reached skill level 13 in Axes
  7330 | D:9      | Found an ancient bone altar of Kikubaaqudgha.
  7357 | D:9      | Found a blossoming altar of Fedhas.
  7451 | D:9      | Reached *** piety under Okawaru
  7681 | D:10     | Noticed a two-headed ogre
  7691 | D:10     | Killed a two-headed ogre
  7744 | D:10     | Reached XP level 11. HP: 95/95 MP: 13/13
  7758 | D:10     | Found a staircase to the Lair.
  7788 | D:10     | Reached skill level 14 in Axes
  7859 | D:10     | Noticed Urug
  7871 | D:10     | Killed Urug
  7871 | D:10     | Reached **** piety under Okawaru
  8136 | D:11     | Noticed a green ugly thing
  8137 | D:11     | Noticed a cyclops
  8147 | D:11     | Killed a green ugly thing
  8524 | D:10     | Killed a cyclops
  8912 | Lair:1   | Entered Level 1 of the Lair of Beasts
  8925 | Lair:1   | Found a labyrinth entrance.
  8934 | Lab      | Entered a labyrinth
  9071 | Lab      | Noticed a minotaur
  9080 | Lab      | Killed a minotaur
  9080 | Lab      | Reached ***** piety under Okawaru
  9089 | Lab      | Got a fine chain mail
  9089 | Lab      | Got a wavering tin amulet
  9089 | Lab      | Got a scintillating glass ring
  9101 | Lab      | Identified the +4 chain mail of Kaer {rElec MR- Int+9 SInv} (You found it in a labyrinth)
  9134 | Lab      | Identified the amulet "Nafrovez" {RegenMP -Tele Dex+4 Slay+2} (You found it in a labyrinth)
  9136 | Lab      | Identified the ring of Tyfos {Fire rN+ MP+9 Str+2 Dex+3} (You found it in a labyrinth)
  9190 | D:10     | Noticed a two-headed ogre
  9205 | D:10     | Killed a two-headed ogre
  9255 | D:11     | Reached skill level 15 in Axes
  9491 | D:12     | Noticed a deep elf mage
  9497 | D:12     | Killed a deep elf mage
  9575 | D:12     | Noticed Anon1729's ghost (journeyman BaIE)
  9871 | D:11     | Received a gift from Okawaru
  9971 | D:11     | Found a staircase to the Orcish Mines.
 10023 | D:11     | Noticed a two-headed ogre
 10030 | D:11     | Killed a two-headed ogre
 10030 | D:11     | Reached skill level 10 in Fighting
 10092 | D:11     | Reached XP level 12. HP: 106/106 MP: 15/15
 10149 | D:11     | Noticed a four-headed hydra
 10159 | D:11     | Killed an eight-headed hydra
 10164 | D:11     | Reached skill level 5 in Evocations
 10284 | D:11     | Received a gift from Okawaru
 10400 | D:12     | Killed Anon1729's ghost
 10400 | D:12     | Reached skill level 1 in Stealth
 10516 | D:12     | Noticed Lanoc's ghost (journeyman DrTm)
 10542 | D:12     | Killed Lanoc's ghost
 10542 | D:12     | Reached skill level 10 in Shields
 10547 | D:12     | Noticed a two-headed ogre
 10556 | D:12     | Killed a two-headed ogre
 10836 | D:12     | Reached skill level 16 in Axes
 10857 | D:12     | Gained mutation: You are somewhat resistant to further mutation. [potion of mutation]
 10857 | D:12     | Gained mutation: Your muscles are strong. (Str +2) [potion of mutation]
 11162 | D:12     | Reached ****** piety under Okawaru
 11162 | D:12     | Received a gift from Okawaru
 12645 | D:13     | Reached XP level 13. HP: 108/116 MP: 17/17
 12787 | D:13     | Received a gift from Okawaru
 12787 | D:13     | Reached skill level 17 in Axes
 12790 | D:13     | Got a dazzling plate armour {god gift}
 12894 | D:13     | Identified the +0 plate armour "Tear" {Str+4} (Okawaru gifted it to you on level 13 of the Dungeon)
 13229 | D:15     | Entered Level 15 of the Dungeon
 13270 | D:14     | Reached skill level 10 in Armour
 13954 | D:14     | Noticed a vault guard
 13970 | D:14     | Killed a vault guard
 14031 | D:14     | Reached skill level 18 in Axes
 14096 | D:14     | Found a gate to the Vaults.
 14581 | Orc:1    | Entered Level 1 of the Orcish Mines
 14615 | Orc:2    | Entered Level 2 of the Orcish Mines
 14629 | Orc:2    | Received a gift from Okawaru
 14629 | Orc:2    | Reached XP level 14. HP: 118/127 MP: 19/19
 14784 | Orc:2    | Paralysed by an orc sorcerer for 7 turns
 14809 | Orc:2    | Paralysed by an orc sorcerer for 3 turns
 14817 | Orc:1    | Slain by a two-headed ogre

Skill      XL: |  1  2  3  4  5  6  7  8  9 10 11 12 13 |
---------------+----------------------------------------+-----
Axes           | 3 4 6 7 9 11 13 15 16 18 | 18.3
Fighting       | 4 5 6 7 8 10 11 12 | 12.5
Shields        | 4 5 7 8 9 10 11 | 11.6
Armour         | 4 5 6 7 8 9 10 | 10.4
Dodging        | 1 |  1.8
Evocations     | 1 3 4 6 |  6.8
Stealth        | 1 |  1.7

Action                   |  1- 3 |  4- 6 |  7- 9 | 10-12 | 13-15 || total
-------------------------+-------+-------+-------+-------+-------++-------
Melee: War axe           |   113 |   154 |   372 |   314 |       ||   953
       Broad axe         |       |       |       |   158 |   290 ||   448
Evoke: Wand              |       |       |     2 |    29 |    13 ||    44
  Use: Scroll            |     2 |     3 |    16 |     7 |     2 ||    30
       Potion            |     1 |     5 |     6 |     8 |     4 ||    24
 Stab: Paralysed         |       |       |       |     5 |       ||     5
       Petrified         |       |       |       |       |     2 ||     2
  Eat: Royal jelly       |     1 |       |     1 |     1 |     2 ||     5
       Meat ration       |       |     1 |       |     3 |     1 ||     5
       Fruit             |       |       |     7 |       |       ||     7
       Bread ration      |       |       |     2 |       |       ||     2
Armor: Scale mail        |    50 |    34 |       |       |       ||    84
       Plate armour      |       |    88 |   229 |   107 |    21 ||   445
       Chain mail        |       |       |       |   100 |   139 ||   239
Dodge: Dodged            |    31 |    43 |    67 |    75 |    65 ||   281
Block: Shield            |    63 |   106 |   209 |   206 |   160 ||   744
